 Dungeon Crawl Stone Soup version 0.19.1 (webtiles) character file.

2291 Melicamp the Covert (level 9, 0/40 HPs)
             Began as a Felid Enchanter on Nov 24, 2016.
             Was a Priest of Makhleb.
             Succumbed to a naga's splash of poison
             ... on level 1 of the Snake Pit.
             The game lasted 01:18:24 (14485 turns).

Melicamp the Covert (Felid Enchanter)              Turns: 14485, Time: 01:18:24

Health: 0/40       AC:  2    Str:  4    XL:     9   Next: 17%
Magic:  26/26      EV: 25    Int: 20    God:    Makhleb [***...]
Gold:   543        SH:  0    Dex: 20    Spells: 4 memorised, 9 levels left
                                        Lives:  0   Deaths: 2

rFire  . . .     SeeInvis +       - Unarmed
rCold  . . .     Gourm    .     (armour unavailable)
rNeg   . . .     Faith    .     (shield unavailable)
rPois  .         Spirit   .     (helmet unavailable)
rElec  .         Reflect  .     (cloak unavailable)
rCorr  .         Harm     .     (gloves unavailable)
MR     +....                    (boots unavailable)
Stlth  ++++++....               f - amulet of rage
                                g - +3 ring of intelligence
                                c - ring of magical power

@: lethally poisoned (0 -> -9), quick
A: no armour, no weapons or thrown items, stealth, claws 1, fangs 3, see
invisible, carnivore 3, speed 1, shaggy fur 2, slow metabolism 1, sharp paws
a: Minor Destruction, Lesser Servant of Makhleb, Renounce Religion, Evoke
Berserk Rage


You were on level 1 of the Snake Pit.
You worshipped Makhleb.
Makhleb was most pleased with you.
You were not hungry.

You visited 4 branches of the dungeon, and saw 16 of its levels.

You collected 543 gold pieces.

Inventory:

Jewellery
 c - a ring of magical power (left paw)
 f - an amulet of rage (around neck)
 g - a +3 ring of intelligence (right paw)
 y - an uncursed ring of protection from fire
 B - an uncursed ring of protection from cold
Wands
 h - a wand of iceblast (3/15)
 p - a wand of enslavement (1/24)
 z - a wand of confusion (29/48)
Scrolls
 e - 2 scrolls of remove curse
 i - a scroll of immolation
 l - a scroll of recharging
 o - 5 scrolls of teleportation
 v - a scroll of fear
 E - a scroll of holy word
Potions
 d - a potion of lignification
 k - a potion of haste
 m - 3 potions of mutation
 n - a potion of berserk rage
 q - a potion of brilliance {unknown}
 r - 3 potions of agility
 t - a potion of magic {unknown}
 u - a potion of cure mutation {unknown}
 w - 4 potions of curing
Books
 a - a book of Maledictions

   Spells                             Type                      Level
   a - Corona                         Hexes                        1
   b - Ensorcelled Hibernation        Hexes/Ice                    2
   c - Confuse                        Hexes                        3
   d - Tukima's Dance                 Hexes                        3
   e - Dazzling Spray                 Conjuration/Hexes            3
 s - a book of Cantrips

   Spells                             Type                      Level
   a - Confusing Touch                Hexes                        1
   b - Animate Skeleton               Necromancy                   1
   c - Summon Small Mammal            Summoning                    1
   d - Apportation                    Translocation                1
 A - a book of Callings

   Spells                             Type                      Level
   a - Summon Small Mammal            Summoning                    1
   b - Call Imp                       Summoning                    2
   c - Call Canine Familiar           Summoning                    3
   d - Summon Guardian Golem          Hexes/Summoning              3
   e - Summon Lightning Spire         Summoning/Air                4
   f - Summon Ice Beast               Ice/Summoning                4
Comestibles
 b - 4 meat rations
 j - 3 slices of pizza
 x - 7 royal jellies


   Skills:
 - Level 5.1 Fighting
 - Level 8.1 Dodging
 + Level 12.5 Stealth
 - Level 8.0 Unarmed Combat
 - Level 5.1 Spellcasting
 - Level 10.6 Hexes
 - Level 4.3 Invocations


You had 9 spell levels left.
You knew the following spells:

 Your Spells              Type           Power        Failure   Level  Hunger
a - Corona                Hex            #####..      1%          1    None
b - Ensorcelled Hibernat  Hex/Ice        ####..       1%          2    None
c - Confuse               Hex            #####...     1%          3    ##.....
d - Tukima's Dance        Hex            #####...     1%          3    ##.....


Dungeon Overview and Level Annotations

Branches:
Dungeon (10/15)            Temple (1/1) D:5            Lair (4/6) D:9
  Snake (1/4) Lair:4
  Swamp: Lair:2-4    Shoals: Lair:2-4       Orc: D:9-12

Altars:
Ashenzari
Cheibriados
Dithmenos
Elyvilon
Fedhas
Gozag
Hepliaklqana
Kikubaaqudgha
Makhleb
Nemelex Xobeh
Okawaru
Qazlal
Ru
Sif Muna
Trog
Uskayaw
Vehumet
Xom
Yredelemnul
Zin
The Shining One

Annotations:
Lair:1 exclusion: player ghost, kae's ghost, journeyman FoFi
Snake:1 Aizul


Innate Abilities, Weirdness & Mutations

You cannot wear armour.
You are incapable of wielding weapons or throwing items.
Your paws allow you to move quietly. (Stealth)
You have sharp claws.
You have razor-sharp teeth.
You have supernaturally acute eyesight. (SInv)
You are carnivorous and can eat meat at any time.
You cover ground quickly.
You are covered in thick fur. (AC +2)
You have a slow metabolism.
Your sharp claws are effective at attacking unaware monsters.


Message History

* * * LOW HITPOINT WARNING * * *
The naga spits poison at you. The splash of poison hits you!
You are more poisoned.
* * * LOW HITPOINT WARNING * * *
Unknown command.
A black mamba comes into view.
* * * LOW HITPOINT WARNING * * *
You feel sick.
The shock serpent hisses angrily.
The naga closely misses you. The naga misses you.
A nagaraja comes into view. It is wielding a flail.
* * * LOW HITPOINT WARNING * * *
You feel sick.
A naga mage comes into view. It is wielding a whip.
The naga mage shouts!
* * * LOW HITPOINT WARNING * * *
You feel sick.
Aizul the Neglectful Guardian comes into view.
You die...

#. #.### .....#
....$.# .......
.......##
........###########
.......@.!..#.....##
...N.$.............##
S.......S.N<........#
...N.....)..........#
...........N........#
....................#
...S.S..............#
...................##
..S........#.....##


You could see Aizul (wandering), a nagaraja (wandering), a shock serpent, 2
black mambas, a naga mage and 2 nagas.

Vanquished Creatures
  A hydra (Lair:1)
  The ghost of Monsterracer the Destroyer, a novice DECj of Vehumet (D:7)
  2 hippogriffs
  2 blink frogs (Lair:1)
  7 yaks
  2 hungry ghosts
  Duvessa (D:5)
  A water moccasin (D:8)
  2 porcupines
  A hornet zombie (D:6)
  2 ice beasts
  2 orc warriors
  5 sky beasts
  2 phantoms
  6 ogres
  8 centaurs
  3 bullfrogs
  Dowan (D:5)
  18 killer bees
  2 scorpions
  4 wights (D:6)
  5 howler monkeys
  9 crimson imps
  2 jellies
  A bullfrog skeleton (D:6)
  2 orc priests
  2 hounds
  3 centaur skeletons
  A gnoll shaman (D:9)
  3 iguanas
  7 orc wizards
  3 worker ants
  A hound zombie (D:8)
  2 hound skeletons
  A worker ant zombie (D:8)
  5 gnolls
  3 adders
  4 shadow imps
  3 oozes
  2 adder zombies
  2 adder skeletons
  The ghost of dscm the Shield-Bearer, a weakling FoFi (D:4)
  2 dart slugs
  9 leopard geckos
  15 orcs
  4 ball pythons
  11 bats
  8 giant cockroaches
  12 hobgoblins
  5 jackals
  10 kobolds
  7 quokkas
  7 frilled lizards
  10 goblins
  A leopard gecko zombie (D:5)
  9 rats
245 creatures vanquished.

Vanquished Creatures (collateral kills)
  2 gnolls (D:9)
  2 orcs
  A quokka (D:7)
5 creatures vanquished.

Vanquished Creatures (others)
  A queen bee (D:8)
  4 dancing weapons
  3 yaks (D:8)
  A water moccasin (D:8)
9 creatures vanquished.

Grand Total: 259 creatures vanquished

Notes
Turn   | Place    | Note
-------+----------+-------------------------------------------
     0 | D:1      | Melicamp the Felid Enchanter began the quest for the Orb.
     0 | D:1      | Reached XP level 1. HP: 7/7 MP: 4/4
   400 | D:1      | Reached XP level 2. HP: 11/11 MP: 6/6
   404 | D:1      | Learned a level 2 spell: Ensorcelled Hibernation
   484 | D:1      | Reached skill level 5 in Stealth
  1404 | D:1      | Reached XP level 3. HP: 14/14 MP: 7/7
  1412 | D:1      | Learned a level 3 spell: Confuse
  1590 | D:1      | Reached skill level 6 in Stealth
  2447 | D:2      | Reached XP level 4. HP: 18/18 MP: 8/8
  2505 | D:2      | Reached skill level 7 in Stealth
  3917 | D:2      | Reached skill level 8 in Stealth
  4192 | D:3      | Reached XP level 5. HP: 21/21 MP: 9/9
  4489 | D:3      | Found a basalt altar of Yredelemnul.
  4491 | D:3      | Found a hazy altar of Hepliaklqana.
  4713 | D:3      | Noticed a sky beast
  4721 | D:3      | Killed a sky beast
  4721 | D:3      | Gained mutation: You are covered in thick fur. (AC +2) [Felid growth]
  4721 | D:3      | Reached XP level 6. HP: 24/24 MP: 10/10
  4960 | D:4      | Found a glowing silver altar of Zin.
  5077 | D:4      | Noticed dscm's ghost (weakling FoFi)
  5113 | D:4      | Reached skill level 5 in Unarmed Combat
  5120 | D:4      | Killed dscm's ghost
  5475 | D:4      | Found an opulent altar of Gozag.
  5475 | D:4      | Found a snail-covered altar of Cheibriados.
  5505 | D:5      | Entered Level 5 of the Dungeon
  5513 | D:5      | Found a staircase to the Ecumenical Temple.
  5539 | Temple   | Entered the Ecumenical Temple
  5755 | Temple   | Became a worshipper of Makhleb the Destroyer
  5934 | D:5      | Reached XP level 7. HP: 12/27 MP: 6/11
  6220 | D:5      | Found a shadowy altar of Dithmenos.
  6299 | D:5      | Reached skill level 5 in Hexes
  6459 | D:5      | Learned a level 3 spell: Tukima's Dance
  6505 | D:5      | Noticed Duvessa
  6505 | D:5      | Noticed Dowan
  6509 | D:5      | Killed Duvessa
  6518 | D:5      | Killed Dowan
  6668 | D:5      | Reached XP level 8. HP: 24/31 MP: 10/14
  6783 | D:5      | You fall through a shaft for 2 floors!
  7066 | D:6      | Found a sparkling altar of Nemelex Xobeh.
  7805 | D:6      | Reached skill level 10 in Hexes
  8027 | D:6      | Found an ancient bone altar of Kikubaaqudgha.
  8054 | D:6      | Reached * piety under Makhleb
  8054 | D:6      | Reached skill level 5 in Spellcasting
  8076 | D:6      | Found a hide-covered altar of Uskayaw.
  8276 | D:6      | Reached skill level 1 in Fighting
  8507 | D:6      | Reached XP level 9. HP: 23/35 MP: 14/17
  9336 | D:7      | Reached skill level 5 in Dodging
  9678 | D:7      | Noticed Monsterracer's ghost (novice DECj)
  9839 | D:7      | Killed Monsterracer's ghost
 10043 | D:7      | Reached ** piety under Makhleb
 10896 | D:8      | Noticed a queen bee
 10918 | D:8      | Killed a queen bee
 10918 | D:8      | Reached skill level 5 in Fighting
 10918 | D:8      | Reached XP level 10. HP: 39/44 MP: 15/18
 11281 | D:8      | Reached *** piety under Makhleb
 11281 | D:8      | Reached skill level 9 in Stealth
 11377 | D:8      | Found a radiant altar of Vehumet.
 12205 | D:9      | Reached skill level 10 in Stealth
 12377 | D:9      | Reached skill level 11 in Stealth
 12527 | D:9      | Found a stormy altar of Qazlal.
 12589 | D:9      | Reached skill level 1 in Invocations
 13368 | D:9      | Found a staircase to the Lair.
 13811 | D:10     | Entered Level 10 of the Dungeon
 13879 | Lair:1   | Entered Level 1 of the Lair of Beasts
 13948 | Lair:1   | Noticed a four-headed hydra
 13983 | Lair:1   | Killed a four-headed hydra
 14024 | Lair:1   | Noticed kae's ghost (journeyman FoFi)
 14073 | Lair:1   | Reached skill level 12 in Stealth
 14085 | Lair:1   | Reached XP level 11. HP: 22/47 MP: 1/19
 14128 | Lair:1   | Slain by a blink frog
 14129 | Lair:1   | Reached XP level 10. HP: -1/44 MP: 1/27
 14139 | Lair:1   | Noticed a black mamba
 14142 | Lair:1   | HP: 2/44 [black mamba (11)]
 14143 | Lair:1   | Mangled by a black mamba
 14144 | Lair:1   | Reached XP level 9. HP: -8/40 MP: 26/26
 14158 | Lair:1   | Noticed a komodo dragon
 14235 | Lair:1   | Noticed a seven-headed hydra
 14463 | Lair:4   | Found a staircase to the Snake Pit.
 14473 | Snake:1  | Entered Level 1 of the Snake Pit
 14473 | Snake:1  | Noticed a shock serpent
 14473 | Snake:1  | Noticed a black mamba
 14473 | Snake:1  | Noticed a black mamba
 14481 | Snake:1  | Noticed a black mamba
 14481 | Snake:1  | HP: 2/40 [poisoned by a naga (splash of poison)]
 14482 | Snake:1  | Noticed a nagaraja
 14483 | Snake:1  | Noticed a naga mage
 14485 | Snake:1  | Noticed Aizul
 14485 | Snake:1  | Succumbed to a naga's splash of poison

Skill      XL: |  1  2  3  4  5  6  7  8  9 10 |
---------------+-------------------------------+-----
Stealth        | 5 6 8 12 | 12.5
Unarmed Combat | 4 5 7 8 |  8.0
Hexes          | 8 10 | 10.6
Spellcasting   | 3 5 |  5.1
Dodging        | 4 8 |  8.1
Fighting       | 1 5 |  5.1
Invocations    | 4 |  4.3

Action                   |  1- 3 |  4- 6 |  7- 9 | 10-12 || total
-------------------------+-------+-------+-------+-------++-------
Melee: Unarmed           |    81 |   166 |   237 |   159 ||   643
       Bite              |     1 |    15 |    27 |    14 ||    57
       Punch             |       |     2 |     3 |     4 ||     9
 Cast: Corona            |     6 |    11 |     1 |     1 ||    19
       Ensorcelled Hiber |    43 |    28 |    43 |    24 ||   138
       Confuse           |     1 |    29 |    68 |    69 ||   167
       Tukima's Dance    |       |       |     3 |     7 ||    10
Invok: Minor Destruction |       |       |       |     3 ||     3
  Use: Scroll            |     3 |     9 |     5 |     4 ||    21
       Potion            |       |       |       |     2 ||     2
 Stab: Sleeping          |    29 |    33 |    38 |    17 ||   117
       Confused          |     1 |    11 |    32 |    27 ||    71
       Distracted        |       |     1 |     1 |     5 ||     7
  Eat: Chunk             |    13 |    11 |    16 |     9 ||    49
Armor: Skin              |     1 |    11 |    14 |    11 ||    37
Dodge: Dodged            |    70 |   103 |   154 |   114 ||   441
